 Dungeon Crawl Stone Soup version 0.19-a0-1494-gdfa627f (webtiles) character file.

1717 LORDOFBUTT the Shield-Bearer (level 9, -2/69 HPs)
             Began as a Formicid Fighter on Sept 8, 2016.
             Was an Initiate of Gozag.
             Killed from afar by an electric eel (12 damage)
             ... with a bolt of electricity
             ... on level 8 of the Dungeon on Sept 9, 2016.
             The game lasted 00:09:01 (5727 turns).

LORDOFBUTT the Shield-Bearer (Formicid Fighter)     Turns: 5727, Time: 00:09:02

Health: -2/69      AC:  7    Str: 21    XL:     9   Next: 24%
Magic:  12/12      EV: 11    Int:  9    God:    Gozag
Gold:   674        SH: 14    Dex: 12    Spells: 1 memorised, 11 levels left

rFire  + . .     SeeInvis +     n - +2 hand axe (chop)
rCold  x . .     Gourm    .     b - +0 scale mail
rNeg   . . .     Faith    .     c - +3 shield
rPois  .         Spirit   .     (helmet unavailable)
rElec  .         Dismiss  .     (no cloak)
rCorr  .         Reflect  .     (no gloves)
MR     .....     Harm     .     (no boots)
Stlth  ..........               (no amulet)
                                m - +2 ring of slaying
                                o - ring of fire

@: no status effects
A: permanent stasis, dig shafts and tunnels, four strong arms, antennae 3
a: Dig, Shaft Self, Potion Petition, Call Merchant, Bribe Branch, Renounce
Religion


You were on level 8 of the Dungeon.
You worshipped Gozag.
Gozag was pleased with you.
You were not hungry.

You visited 2 branches of the dungeon, and saw 9 of its levels.

You collected 724 gold pieces.
You paid 50 gold pieces to Gozag.

Inventory:

Hand Weapons
 n - a +2 hand axe of chopping (weapon)
Armour
 b - a +0 scale mail (worn)
 c - a +3 shield (worn)
Jewellery
 g - an uncursed amulet of the gourmand
 l - an uncursed ring of see invisible
 m - a +2 ring of slaying (right hand)
 o - a ring of fire (left hand)
Scrolls
 a - 5 scrolls of recharging
 q - a scroll of remove curse {unknown}
 r - a scroll of random uselessness {unknown}
 u - a scroll of fear {unknown}
 y - a scroll of amnesia {unknown}
Potions
 d - a potion of invisibility
 e - a potion of resistance {unknown}
 h - a potion of agility
 i - 4 potions of curing
 j - 2 potions of flight
 k - 2 potions of brilliance
 w - a potion of beneficial mutation {unknown}
 z - a potion of mutation {unknown}
Books
 p - a book of Summonings

   Spells                             Type                      Level
   a - Recall                         Summoning/Translocation      3
   b - Aura of Abjuration             Summoning                    5
   c - Summon Demon                   Summoning                    5
   d - Summon Forest                  Summoning/Translocation      5
   e - Summon Mana Viper              Hexes/Summoning              5
   f - Shadow Creatures               Summoning                    6
 s - a book of Beasts

   Spells                             Type                      Level
   a - Summon Butterflies             Summoning                    1
   b - Call Canine Familiar           Summoning                    3
   c - Summon Ice Beast               Ice/Summoning                4
   d - Summon Mana Viper              Hexes/Summoning              5
   e - Summon Hydra                   Summoning                    7
 t - a book of Dreams

   Spells                             Type                      Level
   a - Ensorcelled Hibernation        Hexes/Ice                    2
   b - Silence                        Hexes/Air                    5
   c - Darkness                       Hexes                        6
   d - Shadow Creatures               Summoning                    6
 x - a book of Callings

   Spells                             Type                      Level
   a - Summon Small Mammal            Summoning                    1
   b - Call Imp                       Summoning                    2
   c - Call Canine Familiar           Summoning                    3
   d - Summon Guardian Golem          Hexes/Summoning              3
   e - Summon Lightning Spire         Summoning/Air                4
   f - Summon Ice Beast               Ice/Summoning                4
Comestibles
 f - 5 bread rations
 v - 6 beef jerkies
 A - a meat ration


   Skills:
 + Level 5.7 Fighting
 * Level 5.0 Axes
 + Level 5.7 Armour
 + Level 3.7 Dodging
 + Level 1.1 Stealth
 + Level 7.3 Shields
 * Level 2.6 Spellcasting
 * Level 3.1 Hexes


You had 11 spell levels left.
You knew the following spells:

 Your Spells              Type           Power        Failure   Level  Hunger
a - Ensorcelled Hibernat  Hex/Ice        #.....       87%         2    ###....


Dungeon Overview and Level Annotations

Branches:
Dungeon (8/15)             Temple (1/1) D:4
   Lair: D:8-11

Altars:
Ashenzari
Cheibriados
Elyvilon
Gozag
Hepliaklqana
Kikubaaqudgha
Makhleb
Nemelex Xobeh
Okawaru
Qazlal
Ru
Uskayaw
Vehumet
Xom
Yredelemnul
Zin
The Shining One


Innate Abilities, Weirdness & Mutations

You are under a permanent stasis effect.
You can dig through walls and to a lower floor.
Your four strong arms can wield two-handed weapons with a shield.
You have a pair of large antennae on your head. (SInv)


Message History

An electric eel comes into view.
The electric eel shoots out a bolt of lightning at you!
The bolt of electricity hits you! x2
An electric eel is nearby!
A howler monkey comes into view.
The electric eel shoots out a bolt of lightning at you!
The bolt of electricity misses you. The bolt of electricity hits you!
The howler monkey hoots and howls with incredible vigour!
An electric eel comes into view.
You completely miss the electric eel.
The howler monkey moves out of view.
The electric eel shoots out a bolt of lightning at you!
The bolt of electricity hits you!
* * * LOW HITPOINT WARNING * * *
The bolt of electricity hits you!
* * * LOW HITPOINT WARNING * * *
The electric eel shoots out a bolt of lightning at you!
The bolt of electricity hits the electric eel.
The electric eel completely resists.
The bolt of electricity hits you!
You die...
Your body crumbles into a pile of gold.

#############
#...........#
#.#########.#
♣@#########.##
♣;#..........#
;♣♣≈#######..# .P #..#
.... ######..# ......
........#
≈..≈.≈...#######.#####
≈Y≈≈≈P♣...#######......
+...............


You could see a sky beast (wandering) and 2 electric eels.

Vanquished Creatures
  A black bear (D:7)
  A phantom (D:7)
  2 ogres
  A centaur (D:6)
  A giant frog (D:6)
  A gnoll sergeant (D:8)
  2 scorpions
  A wyvern skeleton (D:4)
  3 killer bees (D:7)
  2 crimson imps
  3 centaur zombies
  A hound (D:6)
  3 orc priests
  A centaur skeleton (D:6)
  An iguana (D:5)
  4 orc wizards
  2 worker ants
  A killer bee zombie (D:7)
  A hound zombie (D:6)
  A hound skeleton (D:7)
  Robin (D:2)
  A howler monkey skeleton (D:8)
  A howler monkey zombie (D:8)
  9 gnolls
  10 adders
  3 worms
  3 dart slugs
  2 giant geckos
  18 orcs
  A ball python (D:6)
  6 giant cockroaches
  17 goblins
  2 hobgoblins (D:2)
  9 jackals
  5 quokkas
  8 bats
  A giant gecko zombie (D:6)
  4 giant newts
  7 kobolds
  A quokka skeleton (D:7)
  9 rats
151 creatures vanquished.

Notes
Turn   | Place    | Note
-------+----------+-------------------------------------------
     0 | D:1      | LORDOFBUTT the Formicid Fighter began the quest for the Orb.
     0 | D:1      | Reached XP level 1. HP: 18/18 MP: 1/1
   158 | D:1      | Reached XP level 2. HP: 18/24 MP: 2/2
   325 | D:1      | Found a glowing golden altar of the Shining One.
   821 | D:2      | Reached skill level 4 in Shields
   821 | D:2      | Reached XP level 3. HP: 21/30 MP: 3/3
  1122 | D:2      | Reached XP level 4. HP: 33/37 MP: 4/4
  1149 | D:2      | Noticed Robin
  1157 | D:2      | Reached skill level 1 in Dodging
  1167 | D:2      | Killed Robin
  1498 | D:2      | Upgraded the game from 0.19-a0-1487-g96ce7ed to 0.19-a0-1494-gdfa627f
  1609 | D:3      | Reached XP level 5. HP: 41/42 MP: 5/5
  1869 | D:3      | Reached skill level 1 in Stealth
  1874 | D:3      | Reached XP level 6. HP: 8/48 MP: 6/6
  1928 | D:3      | Reached skill level 5 in Shields
  2340 | D:4      | Found a shattered altar of Ashenzari.
  2631 | D:4      | Got a transparent scimitar
  2632 | D:4      | Identified the +0 scimitar of the Globe {venom, *Contam rN+ Int+2} (You found it on level 4 of the Dungeon)
  2755 | D:4      | Found a staircase to the Ecumenical Temple.
  2756 | D:4      | Reached XP level 7. HP: 55/55 MP: 7/7
  2912 | Temple   | Entered the Ecumenical Temple
  2943 | Temple   | Became a worshipper of Gozag Ym Sagoz the Greedy
  3003 | D:5      | Entered Level 5 of the Dungeon
  3280 | D:5      | Found a radiant altar of Vehumet.
  3608 | D:5      | Learned a level 2 spell: Ensorcelled Hibernation
  3787 | D:6      | Reached skill level 1 in Hexes
  3908 | D:6      | Reached skill level 1 in Spellcasting
  3908 | D:6      | Reached XP level 8. HP: 31/61 MP: 7/9
  4085 | D:6      | Reached skill level 5 in Fighting
  4085 | D:6      | Reached skill level 6 in Shields
  4319 | D:6      | Reached skill level 5 in Armour
  5116 | D:7      | Reached skill level 7 in Shields
  5116 | D:7      | Reached XP level 9. HP: 24/69 MP: 12/12
  5652 | D:8      | Reached skill level 5 in Axes
  5727 | D:8      | Killed from afar by an electric eel

Vault maps used:
D:1:      mrwooster_arrival_statue, minmay_misc_feat_diagonals, tso_altar
D:2:      first_bread, uniq_robin
D:4:      nicolae_ashenzari_panopticon
D:5:      basic_altar
D:6:      grunt_decor_fettered
D:8:      serial_bayou, serial_bayou_lagoon_a, serial_bayou_ford_a,
          serial_bayou_crossing, serial_bayou_shore_a, grunt_ogre_cave
Temple:   nicolae_temple_the_god_donut

Skill      XL: |  1  2  3  4  5  6  7  8  9 |
---------------+----------------------------+-----
Shields        | 4 5 7 |  7.3
Fighting       | 4 5 |  5.7
Dodging        | 1 2 3 |  3.7
Axes           | 3 4 5 |  5.0
Stealth        | 1 |  1.1
Armour         | 4 5 |  5.7
Hexes          | 1 2 3 |  3.1
Spellcasting   | 1 2 |  2.6

Action                   |  1- 3 |  4- 6 |  7- 9 || total
-------------------------+-------+-------+-------++-------
Melee: War axe           |    98 |   162 |       ||   260
       Hand axe          |       |    61 |   310 ||   371
       Scimitar          |       |     3 |    17 ||    20
Invok: Potion Petition   |       |       |     1 ||     1
  Use: Potion            |       |     1 |     4 ||     5
       Scroll            |       |     7 |     5 ||    12
  Eat: Bread ration      |     1 |       |     1 ||     2
       Pizza             |       |     1 |     3 ||     4
       Beef jerky        |       |       |     1 ||     1
Armor: Scale mail        |    59 |    73 |    81 ||   213
Dodge: Dodged            |    48 |    63 |    98 ||   209
Block: Shield            |    65 |   136 |   209 ||   410
